 Dungeon Crawl Stone Soup version 0.28-a0-1616-g050a50673c (webtiles) character file.

Game seed: 2988436497193113303

2298 grumblor the Chopper (level 9, -4/45 HPs)
             Began as a Vine Stalker Fighter on Jan 23, 2022.
             Was a Follower of Sif Muna.
             Slain by a red ugly thing (20 damage)
             ... on level 6 of the Dungeon.
             The game lasted 00:08:00 (4623 turns).

grumblor the Chopper (Vine Stalker Fighter)         Turns: 4623, Time: 00:08:01

Health: -4/45      AC: 12    Str: 23    XL:     9   Next: 40%
Magic:  0/12       EV:  9    Int:  8    God:    Sif Muna [*.....]
Gold:   246        SH:  6    Dex: 20    Spells: 8/8 levels left

rFire   . . .      SeeInvis .   a - +3 war axe (protect)
rCold   . . .      Faith    .   c - +0 buckler
rNeg    . . .      Spirit   +   i - +0 chain mail
rPois   .          Reflect  .   g - +2 helmet
rElec   .          Harm     .   b - scarf {+Inv}
rCorr   .          Rampage  .   (no gloves)
Will    +....                   (no boots)
Stlth   ..........              (no amulet)
HPRegen 0.95/turn               f - +6 ring of dexterity
MPRegen 0.13/turn               (no ring)

@: no status effects
A: fangs 3, regeneration 1, magic shield, antimagic bite, no potion heal 2
a: Renounce Religion, Evoke Invisibility, Channel Magic


You were on level 6 of the Dungeon.
You worshipped Sif Muna.
Sif Muna was aware of your devotion.
You visited 2 branches of the dungeon, and saw 7 of its levels.

You collected 493 gold pieces.
You spent 247 gold pieces at shops.

Inventory:

Hand Weapons
 a - a +3 war axe of protection (weapon)
 p - a +1 hand axe of flaming
Missiles
 n - a poisoned dart (quivered)
Armour
 b - a scarf of invisibility (worn)
 c - a +0 buckler (worn)
 g - a +2 helmet (worn)
 i - a +0 chain mail (worn)
Jewellery
 f - a +6 ring of dexterity (left hand)
Wands
 j - a wand of acid (11)
 o - a wand of flame (23)
Scrolls
 k - a scroll of identify
Potions
 d - 2 potions of might
 e - a potion of curing
 h - 2 potions of lignification
 l - a potion of flight
 m - 3 potions of haste


   Skills:
 + Level 4.2 Fighting
 + Level 6.8 Axes
 + Level 4.2 Armour
 * Level 3.8 Dodging
 + Level 3.7 Shields
 * Level 3.8 Invocations
 * Level 3.7 Evocations


You had 8 spell levels left.
You didn't know any spells.
Your spell library contained the following spells:

 Spells                   Type           Power      Damage    Failure   Level
 Magic Dart               Conj           0%         1d3       99%         1
 Blink                    Tloc           0%         N/A       100%        2
 Searing Ray              Conj           0%         2d4       100%        2
 Fulminant Prism          Conj/Hex       0%         3d6       100%        4
 Manifold Assault         Tloc           0%         N/A       100%        5
 Storm Form               Tmut/Air       0%         N/A       100%        7


Dungeon Overview and Level Annotations

Branches:
Dungeon (6/15)             Temple (1/1) D:4

Altars:
Ashenzari
Cheibriados
Dithmenos
Elyvilon
Fedhas
Gozag
Hepliaklqana
Kikubaaqudgha
Makhleb
Nemelex Xobeh
Okawaru
Qazlal
Ru
Sif Muna
Trog
Uskayaw
Wu Jian
Xom
Zin
The Shining One

Shops:
D:1 *   D:2 *   D:4 *   D:5 ![


Innate Abilities, Weirdness & Mutations

You have razor-sharp teeth.
Your natural rate of healing is unusually fast.
When hurt, damage is shared between your health and your magic reserves.
Your bite disrupts and absorbs the magic of your enemies.
Potions cannot restore your health.


Message History

Things that are here:
a +0 dagger; a +0 robe
Found a stone staircase leading up.
You see here a +0 spear.
There is a stone staircase leading up here.
Found a stone staircase leading down.
There is a stone staircase leading down here.
A red ugly thing comes into view.
The red ugly thing gurgles horribly!
You throw a poisoned dart.
The poisoned dart barely misses the red ugly thing.
You throw a poisoned dart.
The poisoned dart hits the red ugly thing.
The red ugly thing is poisoned.
You slash the red ugly thing!
Your weapon exudes an aura of protection.
The red ugly thing is moderately wounded.
The red ugly thing punches you!
You are engulfed in flames!!
You are too injured to fight recklessly!
You are too injured to fight recklessly!
There is a stone staircase leading down here.
You block the red ugly thing's attack.
The red ugly thing looks more healthy.
You barely miss the red ugly thing.
You bite the red ugly thing, but do no damage.
The red ugly thing is moderately wounded.
The red ugly thing punches you!
You are engulfed in flames!!
* * * LOW HITPOINT WARNING * * *
The red ugly thing completely misses you.
Okay, then.
Okay, then.
There is a stone staircase leading up here.
The red ugly thing punches you but does no damage.
The red ugly thing punches you!
You are engulfed in flames!
* * * LOW HITPOINT WARNING * * *
The red ugly thing punches you.
You are engulfed in flames!
* * * LOW HITPOINT WARNING * * *
The red ugly thing punches you but does no damage.
The red ugly thing punches you.
You are engulfed in flames!!
You die...

<......#
##..##.#########
##..............
##.....######## #.##.#.#
#......#
####...###########
#.<........u..#
###.#..#####@.# #..#.#
#...############
##...###.##.....#.....##
##......#......[..)...##
#...........[.........#
#####)#####...........#
#(........#...........#
#.#.#.#.#.#...........#
##.......##...........#


You could see a red ugly thing.

Vanquished Creatures
  4 yaks
  Edmund (D:6)
  An ice beast (D:5)
  A sky beast (D:5)
  2 necrophages (D:6)
  2 ogres (D:4)
  A centaur (D:6)
  2 phantoms
  A wyvern zombie (D:6)
  4 scorpions
  2 centaur zombies
  3 hounds
  A jelly (D:5)
  An iguana (D:6)
  3 orc wizards
  2 hound skeletons
  8 adders
  3 gnolls (D:3)
  2 howler monkey skeletons (D:5)
  A white imp (D:4)
  A dart slug (D:2)
  16 orcs
  5 endoplasms
  4 giant cockroaches
  7 goblins
  6 hobgoblins
  6 jackals
  6 quokkas
  5 ball pythons
  5 bats
  3 frilled lizards
  7 kobolds
  A quokka skeleton (D:4)
  6 rats
123 creatures vanquished.

Vanquished Creatures (others)
  A draconian (D:1)
  An octopode (D:1)
  A gargoyle (D:1)
  A vine stalker (D:1)
  2 elves (D:1)
  A merfolk (D:1)
  A vampire (D:1)
  A human (D:1)
  2 mummies (D:1)
  A kobold (D:1)
  6 tentacles (D:1)
18 creatures vanquished.

Grand Total: 141 creatures vanquished

Notes
Turn   | Place    | Note
-------+----------+-------------------------------------------
     0 | D:1      | grumblor the Vine Stalker Fighter began the quest for the
                  | Orb.
     0 | D:1      | Reached XP level 1. HP: 11/11 MP: 2/2
     0 | D:1      | Noticed a draconian
     0 | D:1      | Noticed a vine stalker
     0 | D:1      | Noticed a human
     0 | D:1      | Noticed a kraken
     0 | D:1      | Noticed an elf
     0 | D:1      | Noticed a merfolk
     0 | D:1      | Noticed an elf
     0 | D:1      | Noticed a vampire
     0 | D:1      | Noticed a gargoyle
     0 | D:1      | Noticed an octopode
     4 | D:1      | Killed a gargoyle
     6 | D:1      | Killed an octopode
     7 | D:1      | Killed a human
     7 | D:1      | Killed a draconian
     8 | D:1      | Killed a merfolk
     9 | D:1      | Killed an elf
    10 | D:1      | Killed an elf
    10 | D:1      | Killed a vine stalker
    11 | D:1      | Killed a vampire
   229 | D:1      | Found Gyetiek's General Store.
   244 | D:1      | Reached XP level 2. HP: 15/16 MP: 3/3
   658 | D:1      | Reached skill level 2 in Axes
   915 | D:2      | Reached XP level 3. HP: 19/19 MP: 4/4
   926 | D:2      | Found Agog's Assorted Antiques.
  1087 | D:2      | Gained mutation: Your natural rate of healing is unusually
                  | fast. [Vine Stalker growth]
  1087 | D:2      | Reached XP level 4. HP: 17/24 MP: 5/5
  1325 | D:2      | Reached skill level 1 in Dodging
  1441 | D:3      | Reached skill level 3 in Axes
  1441 | D:3      | Reached XP level 5. HP: 28/28 MP: 6/6
  2079 | D:4      | Reached skill level 1 in Evocations
  2091 | D:4      | Found a staircase to the Ecumenical Temple.
  2126 | Temple   | Entered the Ecumenical Temple
  2174 | Temple   | Became a worshipper of Sif Muna the Loreminder
  2399 | D:4      | Reached XP level 6. HP: 32/32 MP: 7/7
  2607 | D:4      | Reached skill level 4 in Axes
  2652 | D:4      | Found Edir's General Store.
  2664 | D:4      | Bought a scroll of enchant weapon for 90 gold pieces
  2767 | D:4      | Reached skill level 1 in Invocations
  2767 | D:4      | Reached XP level 7. HP: 35/36 MP: 8/8
  2866 | D:4      | Reached * piety under Sif Muna
  3044 | D:5      | Entered Level 5 of the Dungeon
  3044 | D:5      | Found Ithuxen's Distillery.
  3092 | D:5      | Noticed a yak
  3092 | D:5      | Noticed a yak
  3121 | D:4      | Killed a yak
  3122 | D:4      | Reached skill level 5 in Axes
  3122 | D:4      | Gained mutation: You have razor-sharp teeth. [Vine Stalker
                  | growth]
  3122 | D:4      | Reached XP level 8. HP: 24/42 MP: 6/10
  3154 | D:5      | Noticed a yak
  3158 | D:5      | Killed a yak
  3163 | D:5      | Killed a yak
  3509 | D:5      | Reached skill level 6 in Axes
  3641 | D:5      | Found Yghuebi's Antique Armour Shoppe.
  3656 | D:5      | Bought a runed helmet for 157 gold pieces
  3822 | D:5      | Identified the +7 short sword "Qes Byhas" {protect, rPois
                  | MP-9 Str+2}
  4302 | D:6      | Noticed a yak
  4308 | D:6      | Killed a yak
  4309 | D:6      | Reached XP level 9. HP: 45/45 MP: 12/12
  4355 | D:6      | Noticed Edmund
  4365 | D:6      | Killed Edmund
  4557 | D:6      | Noticed a red ugly thing
  4623 | D:6      | Slain by a red ugly thing

Illustrated notes

Levels and vault maps discovered:
D:1:      nicolae_arrival_kraken_aquarium_a, layout_loops_ring, serial_shops,
          shop, grunt_decor_clamped
D:2:      layout_basic, serial_shops, shop_coins, nicolae_figureground_pulse
D:3:      layout_loops_ring, chequers_serial_rivers_micro_d
D:4:      minmay_razor_zed, layout_loops_ring, minmay_temple_entry_statues,
          serial_shops, shop, kennysheep_generic_room_5
D:5:      layout_layer_cave, serial_shops, nicolae_stop_n_shop_2,
          palyth_stone_intersect, nicolae_stop_n_shop_2, minmay_fountain_box
D:6:      minmay_spotlight, layout_rooms, kennysheep_generic_room_14,
          uniq_edmund
Temple:   compressed_dpeg_circular_temple

Skill      XL: |  1  2  3  4  5  6  7  8 |
---------------+-------------------------+-----
Axes           | 2 3 4 5 6 |  6.8
Shields        | 3 |  3.7
Fighting       | 3 4 |  4.2
Dodging        | 1 2 3 |  3.8
Armour         | 3 4 |  4.2
Evocations     | 1 2 3 |  3.7
Invocations    | 1 2 3 |  3.8

Action                   |  1- 3 |  4- 6 |  7- 9 || total
-------------------------+-------+-------+-------++-------
Melee: War axe           |    65 |   104 |   124 ||   293
       Bite              |    12 |    30 |    45 ||    87
       Hand axe          |       |    23 |       ||    23
Throw: Dart              |       |       |     2 ||     2
  Use: Scroll            |     1 |     9 |     5 ||    15
Armor: Scale mail        |    36 |     1 |       ||    37
       Chain mail        |       |    83 |    95 ||   178
Dodge: Dodged            |    39 |    43 |    52 ||   134
Block: Buckler           |    14 |    33 |    30 ||    77

Table legend: (Time is in decaauts)
 A = Elapsed time spent in this place.
 B = Non-inter-level travel time spent in this place.
 C = Inter-level travel time spent in this place.
 D = Time resting spent in this place.
 E = Time spent auto-exploring this place.
 F = Levels seen in this place.
 G = Mean time per level.
                   A        B        C        D        E       F      G
               +--------+--------+--------+--------+--------+-----+--------+
         Total |   4725 |   4520 |    205 |     31 |   3566 |   7 |  675.0 |
       Dungeon |   4625 |   4463 |    162 |     31 |   3531 |   6 |  770.8 |
        Temple |     99 |     56 |     43 |      0 |     35 |   1 |   99.0 |
               +--------+--------+--------+--------+--------+-----+--------+

Top non-repeatable levels by time:
     D:5: 1170 daAuts
     D:4: 952 daAuts
     D:1: 830 daAuts
     D:3: 699 daAuts
     D:2: 576 daAuts
     D:6: 397 daAuts
  Temple: 99 daAuts
